[Event "Centenary THK University 2019"]
[Site "Ankara"]
[Date "2019.05.17"]
[Round "1"]
[White "Buker, Muhittin"]
[Black "Banci, Dogancan"]
[Result "1-0"]
[ECO "A59"]
[WhiteElo "1993"]
[BlackElo "1566"]
[Annotator "NA RC"]
[PlyCount "51"]
[EventDate "2019.05.17"]
[EventType "swiss"]
[EventCountry "TUR"]
[SourceTitle "playchess.com"]
[Source "ChessBase"]
[SourceQuality "1"]
[TimeControl "5400+30"]

1. d4 Nf6 2. c4 c5 3. d5 b5 4. cxb5 a6 5. bxa6 g6 6. Nc3 Bxa6 7. e4 Bxf1 8. Kxf1 d6 9. g3 Bg7 10. Kg2 O-O 11. Nf3 Nbd7 12. Re1 Qa5 13. h3 Rfb8 14. e5 {[%emt 0:04:30] A59: Benko/Volga Gambit: White castles by hand} Ne8 (14... dxe5 15. Nxe5 Nxe5 16. Rxe5 Rb7 17. Qe2 Qb6 18. a4 Kf8 19. Ra3 Ne8 20. Re3 Bh6 21. Re6 fxe6 22. Bxh6+ Kg8 23. Rb3 {1-0 (23) Sargissian,G (2678)-Caruana,F (2662) Ohrid 2009}) 15. exd6 exd6 16. Re7 Ne5 $146 ({Predecessor:} 16... Nb6 17. Ne4 Nc4 18. Qe2 Nxb2 19. Neg5 c4 20. Nxf7 Qxd5 21. Bxb2 c3 22. Bxc3 Bxc3 {0-1 (39) Chaney,R-Cooley,T corr 1997}) 17. Nxe5 Bxe5 18. Qf3 f6 19. Qg4 f5 $1 ({Not} 19... Bxc3 20. Qe6+ Kh8 21. Qf7 Bxb2 22. Qxh7#) 20. Qh4 Ng7 $1 21. Bf4 Rb4 (21... Bd4 $16) 22. Re1 ({Stronger than} 22. Qh6 Bf6 $11) 22... Rf8 $2 (22... Bd4 23. Qh6 Qd8) 23. R1xe5 dxe5 {[%emt 0:00:21] [#]} 24. Bxe5 $18 Rxh4 25. Rxg7+ Kh8 26. Rxg6+ 1-0

[Event "Centenary THK University 2019"]
[Site "Ankara"]
[Date "2019.05.17"]
[Round "1"]
[White "Alkan, Ferman"]
[Black "Arkac, Alp"]
[Result "1-0"]
[ECO "D53"]
[WhiteElo "1876"]
[BlackElo "1405"]
[Annotator "NA RC"]
[PlyCount "73"]
[EventDate "2019.05.17"]
[EventType "swiss"]
[EventCountry "TUR"]
[SourceTitle "playchess.com"]
[Source "ChessBase"]
[SourceQuality "1"]
[TimeControl "5400+30"]

1. d4 d5 2. c4 e6 3. Nc3 Nf6 4. Bg5 Be7 5. e3 a6 6. Nf3 dxc4 7. a4 O-O 8. Bxc4 Nbd7 9. O-O Nb6 {[%emt 0:01:30] D53: Queen's Gambit Declined: 4 Bg5 Be7: Early deviations} 10. Bd3 Nbd5 $146 ({Predecessor:} 10... h6 11. Bh4 c5 12. dxc5 Bxc5 13. Qe2 Be7 14. Rfd1 Nbd5 15. Nxd5 Nxd5 16. Bg3 Qe8 17. Ne5 {½-½ (58) Ivana Maria,F (1999)-Phiri,R (2166) Gauteng 2011}) 11. Rc1 c6 12. Ne5 h6 13. Bh4 Qb6 14. Nc4 Qd8 15. Qf3 Nxc3 16. bxc3 c5 17. Rb1 Nd5 18. Bxe7 Qxe7 19. Rfc1 Rb8 20. e4 Nf6 21. e5 Nd5 22. Qe4 f5 23. exf6 $1 Nxf6 24. Qe5 Bd7 25. h3 Bxa4 26. Nb6 Bc6 27. Re1 cxd4 28. cxd4 Rbe8 (28... Rbd8 $11) 29. Bc4 Kh8 (29... Qd8 $14 30. Bxe6+ Kh8) 30. d5 ({Worse is} 30. Bxe6 {[#]} Be4 $1 $17 ) 30... Nd7 (30... Bd7 $16) 31. Nxd7 ({Stronger than} 31. Qxe6 Qd8 $11) 31... Bxd7 32. Rxb7 Qf7 33. dxe6 Qxf2+ $2 (33... Bxe6 34. Rxf7 Bxf7) 34. Kh1 ({Not} 34. Kh2 Rf5 $18) 34... Rg8 $2 (34... Rf5 35. Qc3 Rg5) 35. Rxd7 Qh4 36. Re4 Qf2 37. e7 1-0

[Event "Centenary THK University 2019"]
[Site "Ankara"]
[Date "2019.05.17"]
[Round "1"]
[White "Sekerci, Berkin"]
[Black "Genc, Mehmet Emin"]
[Result "0-1"]
[ECO "B01"]
[WhiteElo "1752"]
[BlackElo "1664"]
[Annotator "NA RC"]
[PlyCount "78"]
[EventDate "2019.05.17"]
[EventType "swiss"]
[EventCountry "TUR"]
[SourceTitle "playchess.com"]
[Source "ChessBase"]
[SourceQuality "1"]
[TimeControl "5400+30"]

1. e4 d5 2. exd5 Nf6 3. d4 Bg4 4. Bb5+ Nbd7 5. f3 Bf5 6. Nc3 a6 7. Bd3 Bg6 8. Nge2 Nb6 9. O-O Nbxd5 10. Nxd5 Qxd5 11. c4 Qd7 12. Re1 O-O-O 13. Be3 Bxd3 14. Qxd3 e5 15. d5 Bb4 16. Red1 c6 17. a3 Ba5 18. b4 Bc7 19. Nc3 Rhe8 20. Rac1 e4 21. fxe4 Qg4 22. b5 Nxe4 23. bxc6 Ng5 24. cxb7+ Kb8 25. Bxg5 Qxg5 26. c5 Bxh2+ 27. Kxh2 Re3 28. Qd2 Rde8 29. d6 Qe5+ 30. Kg1 Qxc5 31. Qd4 Re1+ 32. Kh2 Qh5+ 33. Kg3 R8e3+ 34. Qxe3 Rxe3+ 35. Kf2 Rxc3 36. d7 Qh4+ 37. Kf1 Rxc1 38. Rxc1 Kxb7 39. Rc8 Qf6+ 0-1

[Event "Centenary THK University 2019"]
[Site "Ankara"]
[Date "2019.05.17"]
[Round "1"]
[White "Ugur, Cem"]
[Black "Celikel, Fatih"]
[Result "1-0"]
[ECO "B33"]
[WhiteElo "1593"]
[BlackElo "1868"]
[Annotator "NA RC"]
[PlyCount "70"]
[EventDate "2019.05.17"]
[EventType "swiss"]
[EventCountry "TUR"]
[SourceTitle "playchess.com"]
[Source "ChessBase"]
[SourceQuality "1"]
[TimeControl "5400+30"]

1. e4 c5 2. Nf3 Nc6 3. d4 cxd4 4. Nxd4 Nf6 5. Nc3 e5 6. Ndb5 d6 7. Bg5 a6 8. Na3 b5 9. Nd5 Be7 10. Bxf6 Bxf6 11. c3 O-O 12. h4 g6 {[%emt 0:11:30] B33: Sicilian: Pelikan and Sveshnikov Variations} 13. h5 (13. g3 Bg7 14. Nc2 Ne7 15. Nce3 h5 16. Be2 Nxd5 17. Nxd5 Be6 18. g4 hxg4 19. Bxg4 Bh6 20. h5 {½-½ (32) Kraft,D (2467)-Wenzel,S (2436) GER email 2016}) 13... Bg5 14. Nc2 Be6 15. Nce3 Ne7 16. Bd3 $146 ({Predecessor:} 16. Be2 $11 {keeps the balance.} Nxd5 17. Nxd5 Kg7 18. Qd3 f5 19. Bf3 Rb8 20. hxg6 hxg6 21. exf5 Bxf5 {½-½ (29) Eremin,N (2074)-Kover,W (2198) ICCF email 2013}) 16... Rb8 17. Qf3 Bxd5 18. Nxd5 Nxd5 19. exd5 e4 20. Bxe4 Qe7 21. O-O b4 22. Rae1 bxc3 23. Qxc3 Rfc8 24. Qd3 Qf6 25. hxg6 hxg6 26. f4 Bh6 27. Rf3 (27. f5 $11 {keeps the balance.} g5 28. b3 (28. Qxa6 Ra8 $11)) 27... Rxb2 28. Bxg6 $19 (28. f5 $17 g5 29. Rf2 (29. Qxa6 Re8 $15)) 28... fxg6 29. Re6 $2 (29. Qe3) 29... Rc1+ 30. Rf1 Rxf1+ 31. Qxf1 Qd4+ 32. Kh1 Rd2 33. Rxg6+ Kh7 34. Rxh6+ Kxh6 35. Qf3 Qxd5 1-0

[Event "Centenary THK University 2019"]
[Site "Ankara"]
[Date "2019.05.17"]
[Round "1"]
[White "Elveren, Cinar"]
[Black "Ozalp, Burak"]
[Result "0-1"]
[ECO "B53"]
[WhiteElo "1553"]
[BlackElo "1901"]
[Annotator "NA RC"]
[PlyCount "88"]
[EventDate "2019.05.17"]
[EventType "swiss"]
[EventCountry "TUR"]
[SourceTitle "playchess.com"]
[Source "ChessBase"]
[SourceQuality "1"]
[TimeControl "5400+30"]

1. e4 c5 2. Nf3 d6 3. d4 cxd4 4. Qxd4 a6 5. c4 Nc6 6. Qe3 g6 {[%emt 0:01:30] B53: Sicilian: 2...d6: Lines with Qxd4} (6... Bg4 7. Nd4 g6 8. Nc3 Bg7 9. Nxc6 bxc6 10. h3 Be6 11. Be2 Nf6 12. O-O O-O 13. f4 Qa5 14. Bd2 {1-0 (50) Karjakin,S (2763)-Nepomniachtchi,I (2751) Moscow 2018}) 7. Nc3 Bg7 8. Bd3 Nf6 9. O-O O-O 10. Nd5 $146 ({Predecessor:} 10. h3 Bd7 11. Rd1 e6 12. Bf1 Qc7 13. Qd3 Ne8 14. Bf4 {½-½ (32) Orgon,D (2027)-Joba,A (2001) Slovakia 2017}) 10... Ng4 11. Qe2 Nge5 12. Nxe5 Nxe5 13. Bc2 b5 14. cxb5 axb5 15. Qxb5 $2 (15. Bg5 $11 Re8 16. Bb3) 15... Ba6 16. Qb3 (16. Qb6 {was called for.} Bxf1 17. Qxd8 Rfxd8 18. Kxf1) 16... Bxf1 17. Kxf1 e6 18. Nb4 Qb6 19. Be3 Qb5+ 20. Kg1 Rfb8 21. a3 $2 (21. Bd2) 21... Nc6 22. Bd3 Qe5 23. Rb1 Bf6 24. Qc4 Nxb4 25. axb4 {[%emt 0:00:30] [#]} d5 ({Black should try} 25... Rc8 $1 $19 26. Qb5 Qxb5 27. Bxb5 Ra2) 26. Qb3 (26. exd5 $17 exd5 27. Qb3) 26... dxe4 27. Bf1 Bg5 28. Bxg5 Qxg5 29. b5 Qc5 30. Qc3 Qb6 31. b4 Ra2 32. Qc5 Qxc5 33. bxc5 Rc2 34. h3 Rxc5 35. Kh2 Rb6 36. Kg3 e5 37. f3 exf3 38. Kxf3 f5 39. Ke3 $19 Kf7 40. Be2 Ke6 41. Bf1 g5 42. g4 f4+ 43. Ke4 Rc3 44. Re1 Rd6 0-1

[Event "Centenary THK University 2019"]
[Site "Ankara"]
[Date "2019.05.17"]
[Round "1"]
[White "Yenice, Yusuf Erkan"]
[Black "Ozcan, Kadir Kutay"]
[Result "0-1"]
[ECO "B52"]
[WhiteElo "1505"]
[BlackElo "1822"]
[Annotator "NA RC"]
[PlyCount "54"]
[EventDate "2019.05.17"]
[EventType "swiss"]
[EventCountry "TUR"]
[SourceTitle "playchess.com"]
[Source "ChessBase"]
[SourceQuality "1"]
[TimeControl "5400+30"]

1. e4 c5 2. Nf3 d6 3. Bb5+ Bd7 4. Bxd7+ Qxd7 5. O-O Nf6 6. Re1 Nc6 7. c3 e6 8. d4 cxd4 9. cxd4 d5 10. e5 Ne4 11. a3 Be7 12. Nbd2 Nxd2 13. Bxd2 O-O {[%emt 0:00:30] B52: Sicilian: Moscow Variation with 3...Bd7} 14. Qe2 (14. Rc1 b5 15. Rc3 h6 16. Qc2 Nb8 17. Rc7 Qe8 18. Rc1 Nd7 19. Rb7 Nb6 20. Qc7 Bd8 21. Qc6 Qxc6 22. Rxc6 {0-1 (62) Gascon del Nogal,J (2470)-Pijpers,A (2479) Apeldoorn 2018}) 14... a6 15. Rad1 Rac8 16. h4 $146 ({Predecessor:} 16. Bg5 Bxg5 17. Nxg5 h6 18. Nh3 Ne7 19. Rc1 Nf5 20. Red1 Nxd4 {1-0 (73) Nielsen,B-Muller,H LSS email 2006}) 16... b5 17. h5 Qa7 18. b4 Rc7 19. h6 g6 20. Bg5 Nxd4 21. Rxd4 Bxg5 22. Nxg5 $2 (22. Rxd5 $17 {nothing else works.} exd5 23. Nxg5) 22... Qxd4 23. g3 Qc3 24. Kg2 Rc4 $19 25. Rd1 Qxa3 26. Rd3 Qxb4 27. Qf3 Qe7 0-1

[Event "Centenary THK University 2019"]
[Site "Ankara"]
[Date "2019.05.17"]
[Round "1"]
[White "Civcer, Omer Faruk"]
[Black "Gozubuyukoglu, Selami"]
[Result "1-0"]
[ECO "B07"]
[WhiteElo "1471"]
[BlackElo "1818"]
[Annotator "NA RC"]
[PlyCount "83"]
[EventDate "2019.05.17"]
[EventType "swiss"]
[EventCountry "TUR"]
[SourceTitle "playchess.com"]
[Source "ChessBase"]
[SourceQuality "1"]
[TimeControl "5400+30"]

1. e4 g6 2. d4 Bg7 3. Nc3 d6 4. Be3 Nf6 5. f3 O-O 6. Qd2 Nbd7 7. g4 e5 {[%emt 0:00:30] B07: Pirc Defence: Miscellaneous Systems} 8. O-O-O exd4 (8... c6 9. h4 Qa5 10. h5 exd4 11. Bxd4 Ne5 12. hxg6 fxg6 13. Bxe5 dxe5 14. Bc4+ Kh8 15. Nh3 b5 {1-0 (23) Har Zvi,R (2505)-Rechlis,G (2525) Israel 1997}) 9. Bxd4 a6 10. h4 b5 11. h5 Bb7 $146 ({Predecessor:} 11... b4 12. Nce2 Bb7 13. hxg6 fxg6 14. g5 Nh5 15. Bxg7 Kxg7 {1-0 (43) Szente Varga,F (1953)-Zsiros,L (1958) Kecskemet 2011}) 12. hxg6 fxg6 13. Nh3 Ne5 14. Be2 Qe7 15. Nf4 Qf7 $1 16. Bxe5 dxe5 17. Nd3 Ne8 18. Kb1 (18. Nc5 $16 Nd6 19. Kb1 (19. Nxb7 Nxb7 20. Qd5 Qxd5 $14)) 18... Rd8 19. Qe3 Nd6 20. Nc5 Bc8 (20... c6 $14) 21. Nd5 c6 22. Nb4 Nc4 23. Qc3 Rxd1+ 24. Rxd1 Nb6 25. Nxc6 Be6 26. b3 ({Don't take} 26. Nxe5 $6 Bxa2+ 27. Ka1 Bxe5 $16) 26... Rc8 $2 (26... Bc8 {was worth a try.} 27. a4 (27. Nxe5 $2 Qc7 $19) 27... Qf6) 27. Nd8 Qe7 28. Ndxe6 Qxe6 29. Nxe6 Rxc3 30. Rd6 Re3 31. Rxb6 Rxe2 32. Rxa6 h5 33. Ra7 $18 Bf6 34. g5 Bd8 (34... Bh8 $142 35. Ra8+ Kh7 36. Nf8+ Kg7) 35. Nxd8 h4 36. Rd7 h3 37. Rd1 h2 38. Rh1 Rg2 39. Kb2 Kf8 40. Nc6 Ke8 41. Nxe5 Rxg5 42. Ng4 1-0

[Event "Centenary THK University 2019"]
[Site "Ankara"]
[Date "2019.05.17"]
[Round "1"]
[White "Ozmen, Kemal"]
[Black "Sonmez, Yunus"]
[Result "1/2-1/2"]
[ECO "B24"]
[WhiteElo "1471"]
[BlackElo "1269"]
[Annotator "NA RC"]
[PlyCount "153"]
[EventDate "2019.05.17"]
[EventType "swiss"]
[EventCountry "TUR"]
[SourceTitle "playchess.com"]
[Source "ChessBase"]
[SourceQuality "1"]
[TimeControl "5400+30"]

1. e4 c5 2. Nc3 e6 3. g3 g6 4. Bg2 Bg7 5. Nge2 Nc6 6. d3 Nge7 7. h4 h5 8. O-O d6 9. Be3 Nd4 10. Qd2 Nec6 11. a3 Nxe2+ 12. Qxe2 Nd4 13. Qd2 Qb6 14. Rab1 e5 15. Nd5 Qd8 16. c3 Ne6 17. b4 b6 18. f4 Nc7 19. Nxc7+ Qxc7 20. f5 O-O 21. Bh6 f6 22. fxg6 Bg4 23. Rf2 Bxh6 24. Qxh6 Qg7 25. Qd2 Qxg6 26. Rbf1 Rf7 27. d4 cxd4 28. cxd4 Raf8 29. dxe5 dxe5 30. Qd5 Kg7 31. Bf3 Rd7 32. Qc6 Rdf7 33. Bxg4 Qxg4 34. Kh2 Qd7 35. Qc2 Rc8 36. Qe2 Qg4 37. Qe3 Rc4 38. Re1 Rfc7 39. Qf3 R7c6 40. Qxg4+ hxg4 41. Rd2 Rc2 42. Ree2 Rxd2 43. Rxd2 a5 44. bxa5 bxa5 45. Rd7+ Kg6 46. Ra7 Rc2+ 47. Kg1 Rc3 48. Rxa5 Rxg3+ 49. Kf2 Rf3+ 50. Kg2 Re3 51. Ra6 Rxe4 52. h5+ Kxh5 53. Rxf6 Kg5 54. Ra6 Re2+ 55. Kf1 Ra2 56. a4 Kf4 57. a5 g3 58. Rf6+ Ke3 59. a6 e4 60. Rg6 Kf4 61. Rf6+ Kg5 62. Rb6 Kf5 63. Rb5+ Kf4 64. Rb6 e3 65. Rf6+ Ke4 66. Re6+ Kd3 67. Rd6+ Kc4 68. Rg6 Rf2+ 69. Ke1 g2 70. a7 Ra2 71. Rxg2 Rxa7 72. Rg8 Kd3 73. Rd8+ Ke4 74. Re8+ Kd4 75. Rd8+ Kc5 76. Ke2 Ra3 77. Rd3 1/2-1/2

[Event "Centenary THK University 2019"]
[Site "Ankara"]
[Date "2019.05.17"]
[Round "1"]
[White "Gurbuz, Talha Zubeyir"]
[Black "Dalar, Yusuf"]
[Result "1-0"]
[ECO "D05"]
[WhiteElo "1361"]
[BlackElo "1499"]
[Annotator "NA RC"]
[PlyCount "97"]
[EventDate "2019.05.17"]
[EventType "swiss"]
[EventCountry "TUR"]
[SourceTitle "playchess.com"]
[Source "ChessBase"]
[SourceQuality "1"]
[TimeControl "5400+30"]

1. d4 Nf6 2. Nf3 d5 3. e3 e6 4. b3 Bd6 5. Bd3 O-O 6. Nbd2 c5 7. Bb2 cxd4 8. exd4 Nc6 9. Ne5 Nd7 10. O-O Ndxe5 11. dxe5 Nxe5 12. Bxh7+ Kxh7 13. Qh5+ Kg8 14. Bxe5 Bxe5 15. Qxe5 f6 16. Qh5 e5 17. Rad1 Qc7 18. c4 d4 19. f4 Be6 20. Nf3 Bf7 21. Qf5 exf4 22. Nxd4 Rae8 23. Qxf4 Qxf4 24. Rxf4 Bh5 25. Rd2 Re5 26. Rf5 Rfe8 27. Rxe5 Rxe5 28. Kf2 Kf7 29. Nb5 Rf5+ 30. Kg1 Ke7 31. Nxa7 Ra5 32. Nc8+ Ke6 33. Nb6 Bg6 34. a4 Re5 35. Kf2 Rf5+ 36. Ke3 Re5+ 37. Kd4 Kd6 38. Kc3+ Kc6 39. Nd5 Bf7 40. Nb4+ Kc7 41. Nc2 Rh5 42. g3 Bg6 43. Nd4 Bf7 44. Nb5+ Kb6 45. Rd6+ Ka5 46. Rd7 Be8 47. Rxb7 Rxh2 48. Ra7+ Kb6 49. a5+ 1-0

[Event "Centenary THK University 2019"]
[Site "Ankara"]
[Date "2019.05.18"]
[Round "2"]
[White "Ozalp, Burak"]
[Black "Sinay, Ahmet"]
[Result "0-1"]
[ECO "B70"]
[WhiteElo "1901"]
[BlackElo "1501"]
[Annotator "NA RC"]
[PlyCount "158"]
[EventDate "2019.05.17"]
[EventType "swiss"]
[EventCountry "TUR"]
[SourceTitle "playchess.com"]
[Source "ChessBase"]
[SourceQuality "1"]
[TimeControl "5400+30"]

1. e4 c5 2. Nf3 d6 3. d4 cxd4 4. Nxd4 Nf6 5. Nc3 g6 6. Be2 Bg7 7. O-O O-O 8. Bg5 Nc6 9. Nb3 Be6 10. Re1 a6 11. Bf1 b5 12. Nd5 Bxd5 13. exd5 Ne5 14. c3 Qb6 15. Bxf6 Bxf6 16. Nd4 h5 17. f4 Ng4 18. h3 Bxd4+ 19. Qxd4 Qxd4+ 20. cxd4 Nf6 21. Rxe7 Nxd5 22. Rd7 Rfd8 23. Rxd8+ Rxd8 24. a4 Nxf4 25. axb5 axb5 26. Bxb5 Rb8 27. Ra5 Ne6 28. d5 Nd4 29. Bc6 Rxb2 30. Ra8+ Kg7 31. Rd8 Nf5 32. Be8 Re2 33. g4 hxg4 34. hxg4 Nh6 35. Bc6 Nxg4 36. Rxd6 Ne5 37. Kf1 Rd2 38. Bb7 g5 39. Ra6 g4 40. Ra3 Nc4 41. Ra4 Ne3+ 42. Ke1 g3 43. Kxd2 g2 44. Ra1 Nf1+ 45. Ke2 g1=Q 46. Rxf1 Qg4+ 47. Rf3 Qc4+ 48. Kf2 Qc2+ 49. Ke3 Qb3+ 50. Ke4 Qxb7 51. Rd3 Kf6 52. Rf3+ Ke7 53. Rd3 Kd6 54. Rd4 Qe7+ 55. Kd3 f5 56. Ra4 Kxd5 57. Ra5+ Ke6 58. Ra2 Qd6+ 59. Ke2 Qe5+ 60. Kf1 Qb5+ 61. Re2+ Kf6 62. Kf2 f4 63. Kf3 Kf5 64. Kf2 Qc5+ 65. Kf1 f3 66. Re3 Qc1+ 67. Kf2 Kg4 68. Re4+ Kf5 69. Re3 Kf4 70. Rxf3+ Ke4 71. Kg2 Qd2+ 72. Rf2 Qg5+ 73. Kh2 Ke3 74. Rg2 Qh4+ 75. Kg1 Kf3 76. Rg8 Qd4+ 77. Kh2 Qd2+ 78. Kh1 Qc1+ 79. Kh2 Qc2+ 0-1

[Event "Centenary THK University 2019"]
[Site "Ankara"]
[Date "2019.05.18"]
[Round "2"]
[White "Celikel, Fatih"]
[Black "Bozdemir, Yusuf"]
[Result "1/2-1/2"]
[ECO "D00"]
[WhiteElo "1868"]
[BlackElo "1619"]
[Annotator "NA RC"]
[PlyCount "127"]
[EventDate "2019.05.17"]
[EventType "swiss"]
[EventCountry "TUR"]
[SourceTitle "playchess.com"]
[Source "ChessBase"]
[SourceQuality "1"]
[TimeControl "5400+30"]

1. d4 d5 2. Bf4 Nf6 3. e3 e6 4. Nd2 Bd6 5. Bg3 Nbd7 6. Ngf3 Bxg3 7. hxg3 Qe7 8. Ne5 Nxe5 9. dxe5 Ne4 10. Nxe4 dxe4 11. Qd4 Bd7 12. Qxe4 Bc6 13. Qh4 Qc5 14. O-O-O Qxe5 15. Qb4 a5 16. Qa3 Rd8 17. Rxd8+ Kxd8 18. Be2 Kc8 19. f4 Qe4 20. Bf3 Qb4 21. Bxc6 bxc6 22. Qxb4 axb4 23. Rh5 Kb7 24. g4 h6 25. g5 Rg8 26. g4 hxg5 27. Rxg5 g6 28. f5 exf5 29. gxf5 Re8 30. fxg6 fxg6 31. Rg3 Re5 32. Kd2 g5 33. Kd3 c5 34. e4 Kb6 35. Rf3 Re6 36. Rf5 Rg6 37. e5 Kb5 38. Ke4 g4 39. Rf1 g3 40. Kf5 g2 41. Rg1 Rg3 42. Kf4 Rg6 43. Kf5 Rg3 44. Ke6 Kc6 45. c4 bxc3 46. bxc3 c4 47. a4 Rxc3 48. Rxg2 Ra3 49. Ke7 Rxa4 50. e6 c3 51. Kf7 Rf4+ 52. Ke8 Kd6 53. e7 Re4 54. Rg6+ Kc5 55. Kd7 Kb4 56. Rc6 Kb3 57. Rxc7 c2 58. Rb7+ Ka2 59. Ra7+ Kb2 60. Rb7+ Ka2 61. Rc7 Kb2 62. Rxc2+ Kxc2 63. e8=Q Rxe8 64. Kxe8 1/2-1/2

[Event "Centenary THK University 2019"]
[Site "Ankara"]
[Date "2019.05.18"]
[Round "2"]
[White "Ozcan, Kadir Kutay"]
[Black "Macit, Mehmet Alper"]
[Result "1-0"]
[ECO "B57"]
[WhiteElo "1822"]
[BlackElo "1501"]
[Annotator "NA RC"]
[PlyCount "51"]
[EventDate "2019.05.17"]
[EventType "swiss"]
[EventCountry "TUR"]
[SourceTitle "playchess.com"]
[Source "ChessBase"]
[SourceQuality "1"]
[TimeControl "5400+30"]

1. e4 c5 2. Nf3 d6 3. d4 cxd4 4. Nxd4 Nf6 5. Nc3 Nc6 6. Bc4 g6 7. Nxc6 bxc6 8. e5 dxe5 9. Bxf7+ Kxf7 10. Qxd8 Bg7 11. Qd1 Ba6 12. Qf3 Rab8 13. Qxc6 Rb6 14. Qa4 Rd8 15. Bd2 Rd4 16. Qa3 Rxd2 17. Kxd2 Bh6+ 18. Ke1 Bb7 19. Kf1 Ba6+ 20. Ke1 Bb7 21. Qxa7 Rxb2 22. Rb1 Rxc2 23. Rxb7 Rxc3 24. Rxe7+ Kg8 25. Rc7 Rd3 26. Qa6 1-0

[Event "Centenary THK University 2019"]
[Site "Ankara"]
[Date "2019.05.18"]
[Round "2"]
[White "Genc, Mehmet Emin"]
[Black "Alkan, Ferman"]
[Result "0-1"]
[ECO "C11"]
[WhiteElo "1664"]
[BlackElo "1876"]
[Annotator "NA RC"]
[PlyCount "55"]
[EventDate "2019.05.17"]
[EventType "swiss"]
[EventCountry "TUR"]
[SourceTitle "playchess.com"]
[Source "ChessBase"]
[SourceQuality "1"]
[TimeControl "5400+30"]

1. e4 Nf6 2. Nc3 d5 3. e5 Nfd7 4. d4 e6 5. Nf3 c5 6. Bf4 Nc6 7. dxc5 Bxc5 8. Bd3 Qb6 9. O-O Qxb2 10. Rb1 Qxc3 11. Bd2 Qa3 12. Rb3 Qa4 13. Qe2 Nd4 14. Nxd4 Qxd4 15. Bc3 Qh4 16. g3 Qg5 17. h4 Qxg3+ 18. Kh1 Qxh4+ 19. Kg2 Qg5+ 20. Kh3 d4 21. Bd2 Qxe5 22. Qg4 Nf6 23. Bb5+ Kf8 24. Qh4 Qf5+ 25. Kg2 Bd6 26. f4 g5 27. Qh6+ Ke7 28. fxg5 0-1

[Event "Centenary THK University 2019"]
[Site "Ankara"]
[Date "2019.05.18"]
[Round "2"]
[White "Yaprak, Ufuk"]
[Black "Keskin, Suara"]
[Result "0-1"]
[ECO "B08"]
[WhiteElo "1492"]
[BlackElo "1728"]
[Annotator "NA RC"]
[PlyCount "33"]
[EventDate "2019.05.17"]
[EventType "swiss"]
[EventCountry "TUR"]
[SourceTitle "playchess.com"]
[Source "ChessBase"]
[SourceQuality "1"]
[TimeControl "5400+30"]

1. e4 d6 2. d4 Nf6 3. Nc3 g6 4. Nf3 Bg7 5. Bg5 O-O 6. Qd2 c6 7. Be2 Qc7 8. Bh6 e5 9. dxe5 dxe5 10. Rd1 Nbd7 11. Bxg7 Kxg7 12. h4 h5 13. Ng5 Nc5 14. b4 Ne6 15. Nxe6+ Bxe6 16. O-O Rad8 17. Qg5 0-1

[Event "Centenary THK University 2019"]
[Site "Ankara"]
[Date "2019.05.18"]
[Round "2"]
[White "Civcer, Omer Faruk"]
[Black "Buker, Muhittin"]
[Result "0-1"]
[ECO "C45"]
[WhiteElo "1471"]
[BlackElo "1993"]
[Annotator "NA RC"]
[PlyCount "74"]
[EventDate "2019.05.17"]
[EventType "swiss"]
[EventCountry "TUR"]
[SourceTitle "playchess.com"]
[Source "ChessBase"]
[SourceQuality "1"]
[TimeControl "5400+30"]

1. e4 e5 2. Nf3 Nc6 3. d4 exd4 4. Nxd4 Bc5 5. Be3 Qf6 6. c3 Nge7 7. Be2 d6 8. O-O Bb6 9. Na3 {[%emt 0:00:30] C45: Scotch Game} Qg6 10. Re1 $146 ({Predecessor:} 10. f3 Ne5 11. Kh1 h5 12. Ndb5 Bxe3 13. Nxc7+ Kf8 14. Nxa8 Bf4 15. Nc7 f5 16. Nd5 Nxd5 17. Qxd5 {1-0 (24) Andersson,C (2134)-Amarapala,S (1709) Helsingor 2011}) 10... O-O 11. f3 f5 12. Bd3 f4 13. Bf2 Ne5 14. Bf1 Kh8 15. Nc4 Qf7 16. Nxb6 axb6 17. Qb3 Qg6 18. Kh1 Bd7 19. Qc2 Ra5 20. a3 c5 21. Ne2 Qf7 22. Nc1 Be6 23. b3 Rfa8 24. a4 b5 25. Rd1 bxa4 26. Rxa4 Rxa4 27. bxa4 Bc4 28. Bxc4 Qxc4 29. Rxd6 N7c6 30. h3 Rxa4 31. Rd5 Ra1 32. Qd1 h6 33. Rxc5 Qa6 34. Be1 Qa3 35. Qd6 Qxc1 36. Qf8+ Kh7 37. Qf5+ g6 0-1

[Event "Centenary THK University 2019"]
[Site "Ankara"]
[Date "2019.05.18"]
[Round "2"]
[White "Karabacak, Ceylin Deniz"]
[Black "Demir, Candost Aziz"]
[Result "0-1"]
[ECO "C55"]
[WhiteElo "1408"]
[BlackElo "1148"]
[Annotator "NA RC"]
[PlyCount "40"]
[EventDate "2019.05.17"]
[EventType "swiss"]
[EventCountry "TUR"]
[SourceTitle "playchess.com"]
[Source "ChessBase"]
[SourceQuality "1"]
[TimeControl "5400+30"]

1. e4 e5 2. Nf3 Nc6 3. Bc4 Nf6 4. a3 Be7 5. c3 O-O 6. O-O d6 7. Bb3 h6 8. Re1 Be6 9. Bc2 Nb8 10. d4 Nbd7 11. h3 c6 12. Nbd2 Qc7 13. Nf1 d5 14. exd5 Bxd5 15. Nxe5 Rad8 16. Nxd7 Qxd7 17. Bf4 c5 18. dxc5 Bxc5 19. Bd3 Qc6 20. Qc1 Bxg2 0-1

[Event "Centenary THK University 2019"]
[Site "Ankara"]
[Date "2019.05.18"]
[Round "2"]
[White "Deveci, Huseyin Said"]
[Black "Algul, Deniz Bilge"]
[Result "1-0"]
[ECO "B00"]
[WhiteElo "1274"]
[BlackElo "1149"]
[Annotator "NA RC"]
[PlyCount "49"]
[EventDate "2019.05.17"]
[EventType "swiss"]
[EventCountry "TUR"]
[SourceTitle "playchess.com"]
[Source "ChessBase"]
[SourceQuality "1"]
[TimeControl "5400+30"]

1. e4 b6 2. d4 Bb7 3. Nc3 e6 4. Nf3 Bb4 5. Bd3 Nf6 6. Bg5 h6 7. Bxf6 Qxf6 8. a3 Bxc3+ 9. bxc3 c5 10. O-O Nc6 11. d5 exd5 12. exd5 Ne7 13. c4 O-O 14. Nd2 Qh4 15. Re1 Rfe8 16. Qf3 Ng6 17. g3 Qd4 18. Nb3 Qc3 19. Rxe8+ Rxe8 20. Qf5 Re1+ 21. Rxe1 Qxe1+ 22. Kg2 Qe7 23. h4 Nf8 24. h5 Qg5 25. Qf3 1-0

[Event "Centenary THK University 2019"]
[Site "Ankara"]
[Date "2019.05.18"]
[Round "2"]
[White "Kucukozer, Ali"]
[Black "Demir, Onder"]
[Result "0-1"]
[ECO "A38"]
[WhiteElo "1109"]
[BlackElo "1428"]
[Annotator "NA RC"]
[PlyCount "46"]
[EventDate "2019.05.17"]
[EventType "swiss"]
[EventCountry "TUR"]
[SourceTitle "playchess.com"]
[Source "ChessBase"]
[SourceQuality "1"]
[TimeControl "5400+30"]

1. c4 Nf6 2. Nc3 c5 3. Nf3 Nc6 4. d3 g6 5. g3 Bg7 6. Bg2 O-O 7. a3 d5 8. cxd5 Nxd5 9. Bd2 e6 10. Qc1 Na5 11. Qd1 c4 12. dxc4 Nxc4 13. Qc1 Nxd2 14. Nxd2 Nxc3 15. bxc3 Qc7 16. Rb1 Qxc3 17. O-O Rb8 18. Qxc3 Bxc3 19. Ne4 Be5 20. f4 Bd4+ 21. Kh1 b6 22. Nd6 Ba6 23. Rfd1 e5 0-1